AoeStats
← Unglaublich

Pilgrims

509677482Analyzed
2v2 RM · 5d ago on Sep 27, 2026· 46m 56s· 4 players
Game mode
Random Map
Map size
Medium (4 player)
Population
200
Speed
Normal
Resources
Standard
Victory
Conquest
Starting age
Dark Age
Ending age
Imperial Age
RankedLock teamsTeams togetherTeam positionsShared explorationLock speedFull tech treeHidden civsTurbo modeCheats
Victory
Defeat
🇩🇪 Celts · Germany
1153
+11
🇩🇪 Berbers · Germany
962
+17
🇪🇸 Mongols · Spain
1041
-15
🇺🇸 Inca · United States
998
-13
Rocky
2:44 Loom
12:29 Feudal Age
21:08 Castle Age
23:58 Andean Sling
26:32 Elite Skirmisher
andertsuiop
4:07 Loom
12:41 Feudal Age
14:22 Wheelbarrow
14:16 Town Watch
14:20 Double-Bit Axe
14:48 Horse Collar
24:53 Castle Age
28:52 Bow Saw
35:08 Hand Cart
36:46 Gold Mining
37:35 Stone Mining
44:28 Imperial Age
43:15 Bloodlines
43:05 Husbandry
43:57 Scale Barding Armor
44:02 Forging
46:11 Elite Steppe Lancer
Unglaublich
11:19 Feudal Age
12:05 Double-Bit Axe
12:26 Town Watch
12:29 Fishing Lines
18:38 Wheelbarrow
20:21 Castle Age
18:28 Man-at-Arms
19:02 Gold Mining
22:44 Stone Mining
22:59 Demolition Ship
29:46 Imperial Age
28:16 Hand Cart
27:25 Pikeman
31:06 Loom
31:21 Town Patrol
31:01 Capped Ram
34:41 Cavalier
35:29 Scale Barding Armor
35:24 Padded Archer Armor
35:28 Squires
36:00 Bow Saw
37:38 Chain Barding Armor
37:34 Leather Archer Armor
37:10 Fletching
36:59 Elite Skirmisher
37:22 Horse Collar
38:49 Gold Shaft Mining
39:56 Heavy Plow
41:04 Medium Warships
40:48 Gillnets
44:41 Crop Rotation
44:59 Plate Barding Armor
44:20 Bodkin Arrow
44:57 Ring Archer Armor
44:27 Scale Mail Armor
44:38 Forging
43:58 Elite Genitour
45:21 Stone Shaft Mining
Reju333
11:30 Feudal Age
12:06 Gold Mining
12:30 Double-Bit Axe
16:19 Fletching
19:39 Wheelbarrow
23:21 Castle Age
21:25 Stone Mining
35:15 Fishing Lines
37:02 Hand Cart
38:56 Medium Warships
38:45 Light Cavalry
Connection lost

Rejoining the realm…

Still unreachable

The connection could not be restored.

Session expired

The server has moved on; the page needs a fresh start.